 Dungeon Crawl Stone Soup version 0.29.1-12-g30fa7ad0bf (webtiles) character file.

Game seed: 1421145401266480080

129144 kingsuperguy the Bludgeoner (level 16, -7/139 HPs)
             Began as a Minotaur Berserker on Dec 17, 2022.
             Was a High Priest of Trog.
             Killed from afar by a deep elf zephyrmancer (23 damage)
             ... with a bolt of lightning
             ... on level 1 of the Elven Halls.
             The game lasted 01:15:25 (32515 turns).

kingsuperguy the Bludgeoner (Minotaur Berserker)   Turns: 32515, Time: 01:15:25

Health: -7/139     AC: 40    Str: 35    XL:     16   Next: 50%
Magic:  15/15      EV:  8    Int:  8    God:    Trog [*****.]
Gold:   2797       SH: 24    Dex: 13    Spells: 15/15 levels left

rFire   . . .      SeeInvis +   b - +8 eveningstar (spect)
rCold   . . .      Faith    .   k - +0 tower shield
rNeg    . . .      Spirit   .   i - +14 crystal plate armour "Xozot" {Dex+5}
rPois   .          Reflect  +   (helmet unavailable)
rElec   .          Harm     .   (no cloak)
rCorr   .          Rampage  .   I - +1 pair of gloves
Will    +....      Rnd*Tele +   (no boots)
Stlth   ..........              D - amulet of Dakhlegi {Reflect Str+7 Int+4 Dex-4 SH+5}
HPRegen 0.33/turn               n - +4 ring of protection
MPRegen 0.14/turn               Y - ring of see invisible

@: studying Long Blades
A: horns 3, retaliatory headbutt, hooves 1, iridescent scales 1, deformed body,
frail 1, teleportitis 1, no potion heal 1
a: Renounce Religion, Berserk, Trog's Hand, Brothers in Arms


You were on level 1 of the Elven Halls.
You worshipped Trog.
Trog was extremely pleased with you.
You visited 6 branches of the dungeon, and saw 27 of its levels.

You collected 3322 gold pieces.
You spent 525 gold pieces at shops.

Inventory:

Hand Weapons
 b - a +8 spectral eveningstar (weapon)
 K - a +4 antimagic triple sword
 M - a +4 antimagic dire flail
 R - a +11 antimagic quick blade
Missiles
 m - 2 curare-tipped darts
 A - 2 throwing nets (quivered)
 X - 5 javelins
Armour
 f - a +2 buckler
 i - the +14 crystal plate armour "Xozot" (worn) {Dex+5}
   (You acquired it on level 2 of the Orcish Mines)

   Dex:       It affects your dexterity (+5).
 k - a +0 tower shield (worn)
 I - a +1 pair of gloves (worn)
Jewellery
 n - a +4 ring of protection (left hand)
 r - an amulet of guardian spirit
 u - the amulet of the Four Winds {rN+ Will+++ Clar}
   (You found it on level 3 of the Dungeon)

   [amulet of nothing]

   rN:        It protects you from negative energy.
   Clar:      It protects you against confusion.
   Will:      It greatly increases your willpower.
 D - the amulet of Dakhlegi (around neck) {Reflect Str+7 Int+4 Dex-4 SH+5}
   (You found it on level 12 of the Dungeon)

   [amulet of reflection]

   It reflects blocked missile attacks.
   Str:       It affects your strength (+7).
   Int:       It affects your intelligence (+4).
   Dex:       It affects your dexterity (-4).
   SH:        It affects your SH (+5).
 L - a +6 ring of strength
 N - a ring of positive energy
 S - a ring of resist corrosion
 T - a +4 ring of evasion
 V - a ring of fire
 W - a +6 ring of intelligence
 Y - a ring of see invisible (right hand)
 Z - a +6 ring of dexterity
Wands
 e - a wand of digging (5)
 l - a wand of mindburst (16)
 y - a wand of quicksilver (29)
 F - a wand of polymorph (12)
 O - a wand of roots (3)
 P - a wand of charming (4)
 Q - a wand of flame (82)
Scrolls
 a - a scroll of identify
 c - 4 scrolls of enchant armour
 g - a scroll of poison {unknown}
 h - a scroll of teleportation
 j - 2 scrolls of brand weapon
 p - 6 scrolls of fear
 q - 5 scrolls of butterflies
 C - 4 scrolls of magic mapping
Potions
 d - 6 potions of curing
 o - a potion of attraction {unknown}
 s - 6 potions of might
 t - 7 potions of flight
 v - 2 potions of cancellation
 w - 2 potions of haste
 x - a potion of invisibility
 B - 2 potions of berserk rage {unknown}
 G - a potion of resistance
 U - 3 potions of lignification {unknown}
Miscellaneous
 z - a tin of tremorstones (2/2)
 E - a phial of floods
 H - a phantom mirror
 J - a lightning rod (4/4)


   Skills:
 + Level 17.4 Fighting
 + Level 19.6 Maces & Flails
 + Level 16.8 Armour
 + Level 6.8 Dodging
 + Level 4.3 Stealth
 + Level 16.1 Shields
 * Level 2.9 Evocations


You had 15 spell levels left.
You didn't know any spells.
Your spell library was empty.

Dungeon Overview and Level Annotations

Branches:
Dungeon (15/15)            Temple (0/1) D:5            Lair (5/5) D:11
 Shoals (0/4) Lair:2       Spider (3/4) Lair:3        Slime (0/5) Lair:5
    Orc (2/2) D:11            Elf (1/3) Orc:2        Vaults (0/5) D:13
 Depths (1/4) D:15

Altars:
Ashenzari
Elyvilon
Fedhas
Kikubaaqudgha
Makhleb
Qazlal
Uskayaw
Vehumet
Xom
Yredelemnul
Zin
Jiyva

Shops:
D:6 !   D:12 (   D:15 (   Orc:1 *   Orc:2 (=(

Portals:
Trove: Elf:1 (give +4 shadow dragon scales)

Annotations:
D:8 3 runed translucent doors, qwert's ghost, novice MiMo
D:9 2 runed translucent doors
D:15 3 runed translucent doors, Hyloprol's ghost, journeyman CeMo
Lair:4 exclusion: ice statue
Spider:1 Mlioglotl
Spider:3 Arachne


Innate Abilities, Weirdness & Mutations

You have a pair of large horns on your head.
You reflexively headbutt those who attack you in melee.
You have large cloven feet.
You are partially covered in iridescent scales. (AC +2)
Armour fits poorly on your strangely shaped body.
You are frail. (-10% HP)
You are occasionally teleported next to monsters.
Potions are less effective at restoring your health.


Message History

The deep elf zephyrmancer gestures at you while chanting.
The bolt of lightning hits you!!
The deep elf archer moves out of view.
As you read the scroll of teleportation, it crumbles to dust.
You feel strangely unstable.
A deep elf zephyrmancer comes into view.
It is wielding a +0 long sword.
The deep elf zephyrmancer casts a spell.
The deep elf zephyrmancer blinks!
The deep elf pyromancer gestures at you while chanting.
The bolt of fire hits you!
* * * LOW HITPOINT WARNING * * *
The deep elf zephyrmancer shouts!
The deep elf knight gestures at you while chanting.
The shard of ice reflects off an invisible shield around you!
The shard of ice hits the deep elf knight!!!
The fire elemental hits you.
The deep elf zephyrmancer gestures at you while chanting.
The bolt of lightning hits the fire elemental!
The fire elemental resists.
The bolt of lightning hits you.
* * * LOW HITPOINT WARNING * * *
The deep elf pyromancer casts a spell.
The deep elf zephyrmancer mumbles some strange words.
The deep elf zephyrmancer blinks!
Your surroundings suddenly seem different.
An earth elemental comes into view.
Found a scale mail.
Found a stone staircase leading down.
A deep elf zephyrmancer comes into view.
It is wielding a +2 short sword of flaming.
Found a stone staircase leading down.
The deep elf zephyrmancer shouts!
You open the door.
The deep elf zephyrmancer gestures at you while chanting.
The bolt of lightning hits you!!
* * * LOW HITPOINT WARNING * * *
Found a mace and 3 scrolls of identify.
Found an escape hatch in the floor.
A deep elf pyromancer comes into view. It is wielding a +0 long sword.
The deep elf pyromancer shouts!
There is an open door here.
There is an escape hatch in the floor here.
The deep elf zephyrmancer points at you and mumbles some strange words.
The bolt of lightning hits you!!
You die...

..'......# #.[.##...##...
..#####..# #.e..E......#
.# #..# ##.........## ##
#..# ##.......##
.######..# ####e..###
..##.....# ##..#.8.# .
..##..#.#####...#'#+#...
..##..#.....+............
..'.....### #...@...e....
..##..### ##...........
.###..# ##...)...... ##
#..# ##......?.# # #..#
#######... # #..# ... #
#..# ####..# ......#


You could see an earth elemental, a deep elf pyromancer and a deep elf
zephyrmancer.

Vanquished Creatures
  Frances (Spider:1)
  Kirke (D:13)
  Gastronok (Orc:1)
  Agnes (D:14)
  A frost giant (D:15)
  A ghost moth (Spider:2)
  Louise (Spider:1)
  An emperor scorpion (Spider:1)
  2 stone giants (D:15)
  A vampire knight (Depths:1)
  An ettin (Orc:1)
  Josephine (D:13)
  A fire dragon (Depths:1)
  3 boulder beetles
  8 vault guards (D:13)
  An ice dragon (Lair:4)
  8 hydras
  2 ogre magi (Orc:2)
  A rakshasa (Depths:1)
  A radroach (Spider:2)
  3 centaur warriors (D:15)
  2 dancing weapons (Elf:1)
  A catoblepas (D:15)
  11 death yaks
  3 tengu warriors
  6 two-headed ogres
  Urug (D:13)
  A deep elf knight (Elf:1)
  An orc high priest (Orc:1)
  A hell knight (D:15)
  Nergalle (Lair:2)
  3 pharaoh ants
  2 steelbarb worms
  2 sun moths
  A goliath frog (Lair:5)
  9 skeletal warriors
  3 deep elf archers (Elf:1)
  An orb spider (Spider:1)
  2 lindwurms
  5 deep elf pyromancers
  6 deep elf zephyrmancers (Elf:1)
  A necromancer (D:15)
  An orc knight (D:15)
  8 orc sorcerers (Orc:2)
  3 wolf spiders
  6 oklob plants
  A manticore (D:15)
  A moth of wrath (Spider:2)
  5 cyclopes
  7 ugly things
  4 black mambas
  11 elephants (Lair:5)
  A torpor snail (Spider:1)
  A gargoyle (D:13)
  A torpor snail (shapeshifter) (Elf:1)
  18 cane toads
  An unseen horror (D:14)
  Psyche (D:8)
  An efreet (D:14)
  11 komodo dragons
  3 kobold demonologists (D:11)
  5 demonic crawlers
  A tengu conjurer (D:13)
  A yaktaur (D:15)
  4 polar bears (Lair:4)
  3 tyrant leeches (Lair:5)
  6 trolls
  A snapping turtle (Lair:2)
  7 tarantellas
  28 blink frogs
  13 slime creatures
  Sigmund (D:5)
  A culicivora (shapeshifter) (D:14)
  7 jumping spiders
  A jumping spider (shapeshifter) (D:14)
  A centaur simulacrum (D:15)
  4 culicivoras (Spider:2)
  A water elemental (Elf:1)
  2 vampires
  5 wraiths
  A spriggan (shapeshifter) (D:14)
  4 basilisks
  A hog (D:13)
  43 yaks
  A steam dragon (D:7)
  10 vampire mosquitoes
  8 redbacks
  2 wargs (Orc:1)
  A harpy simulacrum (D:14)
  13 water moccasins
  A tengu skeleton (Depths:1)
  5 ice beasts (Lair:4)
  3 black bears
  17 orc warriors
  A sky beast (D:7)
  11 ogres
  4 centaurs
  39 wolves
  Blork the orc (D:5)
  6 kobold brigands
  11 bullfrogs
  A gnoll sergeant (D:8)
  A necrophage (D:8)
  2 scorpions
  5 wights (D:7)
  4 killer bees (D:7)
  8 howler monkeys
  8 electric eels
  2 centaur zombies (D:8)
  3 jellies
  16 orc priests
  4 hounds
  Crazy Yiuf (D:5)
  6 iguanas
  28 orc wizards
  12 gnolls
  8 adders
  3 white imps (Lair:4)
  An ufetubus (D:5)
  A worm (D:2)
  2 dart slugs
  63 orcs
  9 ball pythons
  12 bats
  8 endoplasms
  3 giant cockroaches
  7 goblins
  8 hobgoblins
  6 jackals
  31 kobolds
  3 quokkas
  7 frilled lizards
  6 rats
743 creatures vanquished.

Vanquished Creatures (others)
  2 humans (D:13)
  2 orc wizards (Orc:2)
  2 kobolds (D:7)
  A bush (Lair:5)
  25 fungi
  121 plants
153 creatures vanquished.

Grand Total: 896 creatures vanquished

Notes
Turn   | Place    | Note
-------+----------+-------------------------------------------
     0 | D:1      | kingsuperguy the Minotaur Berserker began the quest for the
                  | Orb.
     0 | D:1      | Reached XP level 1. HP: 19/19 MP: 0/0
   220 | D:1      | Reached XP level 2. HP: 20/27 MP: 1/1
   345 | D:1      | Reached skill level 4 in Maces & Flails
   671 | D:1      | Reached ** piety under Trog
   678 | D:1      | Reached XP level 3. HP: 33/33 MP: 2/2
   925 | D:1      | Found a faded altar of an unknown god.
  1706 | D:2      | Identified the +1 helmet of Winter {-Tele rElec rF+ rCorr
                  | Str+4}
  1716 | D:2      | Reached XP level 4. HP: 41/41 MP: 3/3
  1878 | D:2      | Reached skill level 5 in Maces & Flails
  2398 | D:3      | Reached skill level 1 in Shields
  2414 | D:3      | Gained mutation: You have a pair of large horns on your
                  | head. [potion of mutation]
  2414 | D:3      | Gained mutation: You have large cloven feet. [potion of
                  | mutation]
  2414 | D:3      | Gained mutation: You are partially covered in iridescent
                  | scales. (AC +2) [potion of mutation]
  2414 | D:3      | HP: 2/41 [something (1)]
  2418 | D:3      | Reached XP level 5. HP: 12/47 MP: 4/4
  2747 | D:3      | Found the amulet of the Four Winds {rN+ Will+++ Clar}
  3107 | D:4      | Reached *** piety under Trog
  3222 | D:4      | Found a blossoming altar of Fedhas.
  3436 | D:4      | Reached skill level 5 in Fighting
  3647 | D:4      | Reached XP level 6. HP: 55/56 MP: 5/5
  3648 | D:4      | Reached skill level 6 in Maces & Flails
  3651 | D:4      | Found a white marble altar of Elyvilon.
  4020 | D:4      | Reached skill level 1 in Stealth
  4143 | D:4      | Found a shimmering altar of Xom.
  4392 | D:5      | Entered Level 5 of the Dungeon
  4395 | D:5      | Noticed a water moccasin
  4408 | D:5      | Killed a water moccasin
  4409 | D:5      | Reached XP level 7. HP: 61/61 MP: 6/6
  4435 | D:5      | Reached skill level 7 in Maces & Flails
  4657 | D:5      | Found a staircase to the Ecumenical Temple.
  4733 | D:5      | Noticed Blork the orc
  4743 | D:5      | Killed Blork the orc
  4867 | D:5      | Reached XP level 8. HP: 60/70 MP: 7/7
  4967 | D:5      | Noticed Sigmund
  4973 | D:5      | Killed Sigmund
  4974 | D:5      | Reached skill level 8 in Maces & Flails
  4974 | D:5      | Reached skill level 5 in Dodging
  5019 | D:5      | Found a runed translucent door.
  5020 | D:5      | Noticed Crazy Yiuf
  5134 | D:5      | Killed Crazy Yiuf
  5285 | D:6      | Found Same Miu's Distillery.
  5957 | D:6      | Reached skill level 9 in Maces & Flails
  6106 | D:7      | Reached **** piety under Trog
  6377 | D:7      | Noticed a +0 short sword
  6377 | D:7      | Noticed a +0 dagger
  6391 | D:7      | Found a hide-covered altar of Uskayaw.
  6391 | D:7      | Noticed a +0 short sword
  6393 | D:7      | Noticed a +0 falchion
  6393 | D:7      | Noticed a +0 spear
  6393 | D:7      | Noticed a +0 spear
  6394 | D:7      | Noticed a +0 falchion
  6395 | D:7      | Noticed a +0 dagger
  6423 | D:7      | Reached skill level 10 in Maces & Flails
  6423 | D:7      | Reached XP level 9. HP: 61/79 MP: 8/8
  7818 | D:8      | Found an ancient bone altar of Kikubaaqudgha.
  7850 | D:8      | Found a stormy altar of Qazlal.
  7980 | D:8      | Noticed Psyche
  7983 | D:8      | Reached skill level 5 in Armour
  7990 | D:8      | Reached ***** piety under Trog
  7993 | D:8      | Killed Psyche
  7994 | D:8      | Reached skill level 11 in Maces & Flails
  7996 | D:8      | Reached skill level 5 in Shields
  8011 | D:8      | HP: 4/81 [yak (10)]
  8017 | D:8      | HP: 2/81 [yak (10)]
  8451 | D:7      | Reached XP level 10. HP: 88/88 MP: 9/9
  8860 | D:8      | Noticed a two-headed ogre
  8863 | D:8      | Killed a two-headed ogre
  9047 | D:8      | Found a runed translucent gate.
  9047 | D:8      | Found a runed translucent gate.
  9047 | D:8      | Found a runed translucent gate.
  9047 | D:8      | Noticed qwert's ghost (novice MiMo)
  9049 | D:8      | Found a basalt altar of Yredelemnul.
  9688 | D:9      | Noticed a two-headed ogre
  9692 | D:9      | Killed a two-headed ogre
  9852 | D:9      | Reached skill level 12 in Maces & Flails
 10207 | D:9      | Noticed a cyclops
 10307 | D:9      | Noticed a cyclops
 10311 | D:9      | Found a large runed translucent door.
 10312 | D:9      | Found a large runed translucent door.
 10374 | D:9      | Noticed a cyclops
 10408 | D:10     | Entered Level 10 of the Dungeon
 10457 | D:10     | Noticed a two-headed ogre
 10460 | D:10     | Found a broken altar of Ashenzari.
 10465 | D:10     | Killed a two-headed ogre
 10682 | D:10     | Found a glowing silver altar of Zin.
 10915 | D:10     | Reached XP level 11. HP: 91/99 MP: 10/10
 11001 | D:10     | Found a burning altar of Makhleb.
 11007 | D:10     | Reached skill level 13 in Maces & Flails
 11206 | D:11     | Noticed a white ugly thing
 11359 | D:11     | Noticed an oklob plant
 11404 | D:11     | Reached skill level 10 in Fighting
 11554 | D:11     | Noticed a two-headed ogre
 11566 | D:11     | Killed a two-headed ogre
 12052 | D:11     | Found a staircase to the Orcish Mines.
 12201 | D:11     | Noticed a two-headed ogre
 12206 | D:11     | Killed a two-headed ogre
 12553 | D:11     | Found a staircase to the Lair.
 12553 | D:11     | Noticed an oklob plant
 12559 | D:11     | Killed a white ugly thing
 12560 | D:11     | Reached skill level 14 in Maces & Flails
 12734 | Orc:1    | Entered Level 1 of the Orcish Mines
 12739 | Orc:1    | Noticed Gastronok
 12910 | Orc:1    | Killed Gastronok
 13138 | Orc:2    | Entered Level 2 of the Orcish Mines
 13153 | Orc:2    | Noticed an ettin
 13301 | Orc:1    | Killed an ettin
 13433 | Orc:2    | Reached skill level 10 in Armour
 13482 | Orc:2    | Found a staircase to the Elven Halls.
 13589 | Orc:1    | Noticed an orc high priest
 13595 | Orc:1    | Noticed a soul eater
 13598 | Orc:1    | Killed an orc high priest
 13640 | Orc:1    | Reached XP level 12. HP: 79/110 MP: 11/11
 13694 | Orc:1    | Reached ****** piety under Trog
 13876 | Orc:1    | Found Neicsous's Assorted Antiques.
 14113 | Orc:2    | Received a gift from Trog
 14119 | Orc:2    | Reached skill level 15 in Maces & Flails
 14432 | Orc:2    | Found a burning altar of Makhleb.
 14717 | Orc:2    | Noticed an ogre mage
 14718 | Orc:2    | Found a radiant altar of Vehumet.
 15061 | Orc:2    | Noticed an ogre mage
 15080 | Orc:2    | Killed an ogre mage
 15372 | Orc:2    | Found Wuseick's Antique Weapon Shoppe.
 15424 | Orc:2    | Found an ancient bone altar of Kikubaaqudgha.
 15563 | Orc:2    | Found Gywaj's Jewellery Emporium.
 15599 | Orc:2    | Killed an ogre mage
 15682 | Orc:2    | Received a gift from Trog
 15736 | Orc:2    | Found Alid Yf Qeaq's Magic Scroll Shoppe.
 15762 | Orc:2    | Found Vaenos's Antique Weapon Shoppe.
 15764 | Orc:2    | Bought a scroll of blinking for 97 gold pieces
 15764 | Orc:2    | Bought a scroll of blinking for 97 gold pieces
 15764 | Orc:2    | Bought a scroll of identify for 26 gold pieces
 15764 | Orc:2    | Bought a scroll of identify for 26 gold pieces
 15764 | Orc:2    | Bought a scroll of teleportation for 39 gold pieces
 15764 | Orc:2    | Identified 2 scrolls of acquirement
 15766 | Orc:2    | Acquired 1236 gold pieces
 15768 | Orc:2    | Bought a scroll of teleportation for 39 gold pieces
 15768 | Orc:2    | Bought a scroll of enchant armour for 97 gold pieces
 16071 | Orc:2    | Bought a scroll of butterflies for 52 gold pieces
 16071 | Orc:2    | Bought a scroll of vulnerability for 52 gold pieces
 16076 | Orc:2    | Acquired the +14 crystal plate armour "Xozot" {Dex+5}
 16214 | D:12     | Found Nodan's Weapon Boutique.
 16223 | D:12     | Noticed a two-headed ogre
 16233 | D:12     | Killed a two-headed ogre
 16383 | D:12     | Reached skill level 16 in Maces & Flails
 16724 | D:12     | Identified the amulet of Dakhlegi {Reflect Str+7 Int+4
                  | Dex-4 SH+5}
 16785 | D:12     | You fall into a shaft and drop 1 floor!
 16792 | D:13     | Identified the +8 plate armour "Casujaeh" {rF+}
 16807 | D:13     | Noticed Urug
 16830 | D:13     | Reached XP level 13. HP: 78/119 MP: 12/12
 16835 | D:13     | Killed Urug
 17495 | D:14     | Reached skill level 10 in Shields
 17564 | D:14     | Reached skill level 17 in Maces & Flails
 17679 | D:14     | Noticed Agnes
 17691 | D:14     | Killed Agnes
 18500 | D:13     | Noticed Josephine
 18506 | D:13     | Killed Josephine
 18796 | D:13     | Noticed Kirke
 18811 | D:13     | Killed Kirke
 18940 | D:13     | Found a gate to the Vaults.
 18990 | D:13     | Reached XP level 14. HP: 94/132 MP: 13/13
 19763 | D:15     | Entered Level 15 of the Dungeon
 19961 | D:15     | Found a runed translucent gate.
 19962 | D:15     | Found a runed translucent gate.
 19964 | D:15     | Found a runed translucent gate.
 19965 | D:15     | Noticed Hyloprol's ghost (journeyman CeMo)
 19978 | D:15     | Received a gift from Trog
 19979 | D:15     | Gained mutation: Potions are less effective at restoring
                  | your health. [mutagenic glow]
 19998 | D:15     | Gained mutation: You are frail. (-10% HP) [mutagenic glow]
 20011 | D:15     | Reached skill level 18 in Maces & Flails
 20018 | D:15     | Gained mutation: Armour fits poorly on your strangely
                  | shaped body. [mutagenic glow]
 20028 | D:15     | Gained mutation: You are occasionally teleported next to
                  | monsters. [mutagenic glow]
 20499 | D:15     | Found a staircase to the Depths.
 20499 | D:15     | Noticed a stone giant
 20505 | D:15     | Killed a stone giant
 20511 | Depths:1 | Entered Level 1 of the Depths
 20511 | Depths:1 | Noticed a frost giant
 20713 | Lair:1   | Entered Level 1 of the Lair of Beasts
 21284 | Lair:1   | Reached skill level 15 in Fighting
 23141 | Lair:2   | Received a gift from Trog
 23242 | Lair:2   | Noticed Nergalle
 23245 | Lair:2   | Killed Nergalle
 23549 | Lair:2   | Found a staircase to the Shoals.
 23674 | Lair:3   | Found a hole to the Spider Nest.
 23983 | Lair:3   | Reached skill level 15 in Armour
 24571 | Lair:3   | Reached XP level 15. HP: 106/128 MP: 14/14
 25782 | Lair:5   | Entered Level 5 of the Lair of Beasts
 25807 | Lair:5   | Received a gift from Trog
 25971 | Lair:5   | Reached skill level 19 in Maces & Flails
 25977 | Lair:5   | Acquired a manual of Long Blades
 27426 | Lair:5   | Found the +1 robe of Vines {NoPotionHeal Regen++++}
 27692 | Lair:5   | Found a viscous altar of Jiyva.
 27694 | Lair:5   | Found a staircase to the Slime Pits.
 27959 | Lair:5   | Received a gift from Trog
 28328 | D:15     | Killed a frost giant
 28809 | Depths:1 | Noticed a fire giant
 29192 | Depths:1 | Noticed a juggernaut
 29192 | Depths:1 | Noticed a fire giant
 29554 | D:15     | Found Dimenu's Weapon Emporium.
 29909 | Spider:1 | Entered Level 1 of the Spider Nest
 29956 | Spider:1 | Noticed an emperor scorpion
 29964 | Spider:1 | Reached skill level 15 in Shields
 29969 | Spider:1 | Killed an emperor scorpion
 30045 | Spider:1 | Reached XP level 16. HP: 110/138 MP: 15/15
 30147 | Spider:1 | Noticed Louise
 30159 | Spider:1 | Killed Louise
 30186 | Spider:1 | Noticed Frances
 30195 | Spider:1 | Killed Frances
 30502 | Spider:1 | You fall into a shaft and drop 1 floor!
 30545 | Spider:2 | Reached skill level 1 in Evocations
 30927 | Spider:1 | Noticed Mlioglotl
 31772 | Spider:3 | Noticed Arachne
 32003 | Elf:1    | Entered Level 1 of the Elven Halls
 32059 | Elf:1    | Found a portal to a secret trove of treasure.
 32089 | Elf:1    | Received a gift from Trog
 32515 | Elf:1    | Killed from afar by a deep elf zephyrmancer

Illustrated notes

Levels and vault maps discovered:
D:1:      ebering_trefoil_3fold, layout_loops_ring,
          nicolae_ecumenical_lake_church, hex_medium, dreamdust_princess_bridge
D:2:      layout_loops_cross
D:3:      layout_loops_ring
D:4:      layout_loops_ring, tgw_xom, nicolae_elyvilon_temple_path,
          fedhas_altar_2, serial_rivers, chequers_serial_rivers_room_a,
          chequers_serial_rivers_large_b, chequers_serial_rivers_small_3,
          chequers_serial_rivers_micro_e
D:5:      layout_rooms, minmay_temple_entry_gardened_gates,
          chequers_serial_rivers_small_b, uniq_sigmund, uniq_crazy_yiuf_cottage,
          uniq_blork_the_orc
D:6:      layout_loops_ring, serial_shops, nicolae_stop_n_shop_1,
          kennysheep_cross_bottleneck
D:7:      layout_loops_corners, nicolae_uskayaw_en_pointe
D:8:      layout_basic, nicolae_yredelemnul_ghost_church,
          mainiacjoe_overflow_small_starburst, kennysheep_mini_moat, uniq_psyche
D:9:      okawaru_arena_lexackson, layout_irregular_city
D:10:     layout_roguey, mainiacjoe_overflow_cross_hatched,
          evilmike_ruin_ashenzari, overflow_temple_1_default,
          grunt_decor_fettered
D:11:     layout_cave_pods, dpeg_oklobed_lair, minmay_orc_entry_temple_small
D:12:     layout_irregular_city, serial_shops, nicolae_shop_bloodbath_and_beyond
D:13:     layout_basic, erik_vaults_2, uniq_josephine, uniq_kirke, uniq_urug
D:14:     layout_roguey, glass_columns_b, dreamdust_princess_corridor,
          uniq_agnes
D:15:     grunt_enter_depths_snipers, layout_long_grid,
          gammafunk_ghost_tricky_traps, serial_shops, shop
Lair:1:   layout_gridlike, columned_hall_lemuel, serial_bayou_lake_a
Lair:2:   beast_lair_carwin_large_2, layout_cellular_growth,
          minmay_shoals_entry_hut, grunt_forest_large_clearings, uniq_nergalle
Lair:3:   layout_misc_corridors, spider_nest_entry_webs
Lair:4:   layout_regular_city, ice2_lemuel
Lair:5:   minmay_lair_end_frog_pond, layout_long_grid,
          minmay_slime_entry_oklob_open, hellmonk_guarded_unrand_vines,
          lemuel_fruit_tree
Spider:1: layout_chambers, uniq_mlioglotl, uniq_frances, uniq_louise
Spider:2: layout_spider_delve
Spider:3: layout_spider_delve, uniq_arachne
Orc:1:    layout_caves, portal_ice_cave_entry_pillars_1, serial_shops, shop,
          uniq_gastronok
Orc:2:    kennysheep_orc_mage_school, layout_caves, basic_altar
Elf:1:    eino_elf_arrival_the_gate, layout_gridlike, enter_trove_1,
          hangedman_corner_corridor, grunt_megastairs_5
Depths:1: kennysheep_room_grid, layout_cave_pools, enter_ziggurat_b,
          hangedman_abyss_or_decor_lesser_grid, abyss_entry, hellmouth_1,
          st_stairs_11, grunt_qazlal_clouds

Skill      XL: |  1  2  3  4  5  6  7  8  9 10 11 12 13 14 15 16 |
---------------+-------------------------------------------------+-----
Fighting       | 4 5 6 7 8 9 11 12 14 15 16 17 | 17.4
Maces & Flails | 4 5 6 7 10 11 12 14 16 17 18 19 | 19.6
Armour         | 3 4 6 8 10 12 13 15 16 | 16.8
Shields        | 1 2 3 4 5 6 8 9 11 12 15 16 | 16.1
Dodging        | 3 4 5 6 |  6.8
Stealth        | 1 2 3 4 |  4.3
Evocations     | 2 |  2.9

Action                   |  1- 3 |  4- 6 |  7- 9 | 10-12 | 13-15 | 16-18 || total
-------------------------+-------+-------+-------+-------+-------+-------++-------
Melee: Mace              |    91 |   137 |    40 |       |       |       ||   268
       Headbutt          |     4 |    23 |    37 |    77 |   162 |    27 ||   330
       Kick              |       |    23 |    54 |   128 |   240 |    50 ||   495
       Flail             |       |       |   201 |     4 |       |       ||   205
       Morningstar       |       |       |       |   333 |       |       ||   333
       Eveningstar       |       |       |       |    90 |   691 |   129 ||   910
Throw: Throwing net      |       |       |       |       |     1 |       ||     1
Invok: Berserk           |       |     1 |     2 |     7 |     3 |       ||    13
Evoke: Tin of tremorston |       |       |       |       |     1 |       ||     1
       Wand              |       |       |       |       |       |     4 ||     4
  Use: Potion            |       |     2 |     2 |       |    10 |       ||    14
       Scroll            |       |       |       |    13 |    20 |     1 ||    34
 Stab: Sleeping          |       |     2 |     1 |       |       |       ||     3
       Distracted        |       |       |       |       |    10 |     1 ||    11
Armor: Animal skin       |     2 |       |       |       |       |       ||     2
       Leather armour    |    20 |    48 |    77 |       |       |       ||   145
       Plate armour      |       |       |    45 |   162 |       |       ||   207
       Crystal plate arm |       |       |       |    31 |   620 |    54 ||   705
Dodge: Dodged            |    54 |    64 |    97 |   125 |   257 |    25 ||   622
Block: Buckler           |    16 |    39 |    70 |   130 |   227 |       ||   482
       Tower shield      |       |       |       |       |   354 |   115 ||   469
       Reflection        |       |       |       |       |     5 |     8 ||    13
